AoeStats
← Cyrusthegreat

Nomad

508588180Analyzed
2v2 RM · 11d ago on Sep 23, 2026· 55m 31s· 4 players
Game mode
Random Map
Map size
176×176
Population
200
Speed
Normal
Resources
Standard
Victory
Conquest
Starting age
Dark Age
Ending age
Imperial Age
RankedLock teamsTeams togetherTeam positionsShared explorationLock speedFull tech treeHidden civsTurbo modeCheats
Victory
Defeat
🇺🇸 Huns · United States
642
+8
🇦🇷 Chinese · Argentina
469
+13
🇧🇷 Portuguese · Brazil
452
-11
🇧🇷 Persians · Brazil
422
-10
Cyrusthegreat
16:36 Feudal Age
17:06 Double-Bit Axe
17:05 Horse Collar
18:46 Wheelbarrow
28:32 Castle Age
28:31 Forging
28:23 Scale Mail Armor
29:56 Bow Saw
30:49 Hand Cart
30:07 Man-at-Arms
32:29 Heavy Plow
32:45 Crossbowman
35:16 Long Swordsman
35:17 Pikeman
36:39 Iron Casting
37:24 Husbandry
39:17 Squires
40:54 Masonry
41:07 Ballistics
45:43 Imperial Age
47:03 Elite Skirmisher
47:59 Fishing Lines
47:54 Two-Handed Swordsman
49:42 Elite Tarkan
50:47 Conscription
52:44 Chemistry
52:58 Elite Tarkan
53:35 Gold Mining
ElRompePañal
3:21 Loom
16:38 Feudal Age
17:22 Horse Collar
17:32 Double-Bit Axe
18:29 Wheelbarrow
21:38 Arson
24:00 Castle Age
22:38 Stone Mining
23:35 Gold Mining
23:49 Gold Mining
25:02 Squires
27:04 Gold Shaft Mining
29:12 Forging
29:02 Scale Mail Armor
34:57 Imperial Age
33:25 Bow Saw
33:47 Hand Cart
34:59 Stone Shaft Mining
35:20 Elite Fire Lancer
43:49 Chain Mail Armor
44:10 Iron Casting
43:22 Capped Ram
46:28 Plate Mail Armor
46:59 Blast Furnace
YBiel21
4:14 Loom
16:27 Feudal Age
23:12 Wheelbarrow
29:52 Castle Age
28:56 Double-Bit Axe
33:26 Gold Mining
33:27 Stone Mining
34:18 Bloodlines
36:15 Hand Cart
39:54 Stone Shaft Mining
39:55 Gold Shaft Mining
39:35 Bow Saw
39:51 Husbandry
57:41 Imperial Age
IIErich
14:36 Loom
17:04 Feudal Age
18:16 Fishing Lines
18:48 Double-Bit Axe
26:39 Castle Age
25:24 Gold Mining
25:21 Horse Collar
26:50 Crossbowman
27:36 Thumb Ring
29:37 Forging
29:18 Fletching
29:29 Padded Archer Armor
31:04 Bodkin Arrow
33:42 Leather Archer Armor
38:22 Iron Casting
45:05 Imperial Age
43:14 Wheelbarrow
42:44 Stone Mining
46:54 Bracer
47:27 Ring Archer Armor
48:00 Blast Furnace
49:19 Arbalester
Connection lost

Rejoining the realm…

Still unreachable

The connection could not be restored.

Session expired

The server has moved on; the page needs a fresh start.